 Dungeon Crawl Stone Soup version 0.30-a0-802-gb92711bcdf (webtiles) character file.

Game seed: 5351411529102468067

399 bande the Chopper (level 6, -12/39 HPs)
             Began as a Gargoyle Fighter on Feb 24, 2023.
             Mangled by an ogre
             ... wielding a +0 giant spiked club
              (20 damage)
             ... on level 4 of the Dungeon.
             The game lasted 00:03:43 (3311 turns).

bande the Chopper (Gargoyle Fighter)                Turns: 3311, Time: 00:03:44

Health: -12/39     AC: 15    Str: 19    XL:     6   Next: 84%
Magic:  6/6        EV:  9    Int:  9    God:
Gold:   199        SH:  4    Dex: 11    Spells: 5/5 levels left

rFire   . . .      SeeInvis .    a - +0 war axe
rCold   . . .      Faith    .    c - +0 buckler
rNeg    + . .      Spirit   .    b - +0 scale mail
rPois   ∞          Reflect  .    (no helmet)
rElec   +          Harm     .    q - +2 cloak
rCorr   .          Rampage  .    (no gloves)
Will    .....                    k - +0 pair of boots Stlth
                                 (no amulet)
HPRegen 0.26/turn                (no ring)
MPRegen 0.10/turn                (no ring)

@: no status effects
A: sickness immunity, AC +4, negative energy resistance 1, electricity
resistance, torment resistance 1, petrification resistance
a: no special abilities


You were on level 4 of the Dungeon.
You visited 1 branch of the dungeon, and saw 4 of its levels.

You collected 199 gold pieces.

Inventory:

Hand Weapons
 a - a +0 war axe (weapon)
Armour
 b - a +0 scale mail (worn)
 c - a +0 buckler (worn)
 k - a +0 pair of boots (worn)
 q - a +2 cloak (worn)
Wands
 d - a wand of flame (7)
Scrolls
 e - a scroll of amnesia {unknown}
 f - a scroll of brand weapon {unknown}
 g - 5 scrolls of teleportation {unknown}
 i - 7 scrolls of identify {unknown}
 j - 2 scrolls of fear {unknown}
 o - 2 scrolls of enchant armour {unknown}
 p - a scroll of immolation {unknown}
 r - a scroll of magic mapping {unknown}
Potions
 h - a potion of invisibility {unknown}
 l - a potion of flight {unknown}
 m - 2 potions of lignification {unknown}
 n - 5 potions of curing {unknown}


   Skills:
 + Level 4.6 Fighting
 + Level 5.0 Axes
 + Level 4.2 Armour
 + Level 4.0 Shields


You had 5 spell levels left.
You didn't know any spells.
Your spell library contained the following spells:

 Spells                   Type           Power      Damage    Failure   Level
 Call Canine Familiar     Summ           0%         N/A       99%         3
 Portal Projectile        Hex/Tloc       0%         N/A       99%         3
 Leda's Liquefaction      Hex/Erth       0%         N/A       100%        4


Dungeon Overview and Level Annotations

Branches:
Dungeon (4/15)
 Temple: D:4-7

Altars:
Fedhas

Shops:
D:3 ?


Innate Abilities, Weirdness & Mutations

You are immune to sickness and miasma.
Your stone body is resilient. (AC +4)
You are immune to poison.
You resist negative energy. (rN+)
You are resistant to electric shocks. (rElec)
You are resistant to unholy torment.
You are immune to petrification.


Message History

No target in view!
No target in view!
No target in view!
No target in view!
No target in view!
No target in view!
An ogre comes into view. It is wielding a +0 giant spiked club.
An ogre is nearby!
The ogre closely misses you.
You hit the ogre.
The ogre is lightly wounded.
The ogre hits you with a +0 giant spiked club!
You hit the ogre but do no damage.
The ogre is lightly wounded.
You hit the ogre.
The ogre is moderately wounded.
You block the ogre's attack.
You hit the ogre.
The ogre is moderately wounded.
The ogre barely misses you.
You slash the ogre!
The ogre is almost dead.
The ogre hits you with a +0 giant spiked club!
You are too injured to fight recklessly!
You are too injured to fight recklessly!
You are too injured to fight recklessly!
You are too injured to fight recklessly!
You are too injured to fight recklessly!
You are too injured to fight recklessly!
You are too injured to fight recklessly!
You are too injured to fight recklessly!
You barely miss the ogre.
The ogre is almost dead.
The ogre hits you with a +0 giant spiked club!
* * * LOW HITPOINT WARNING * * *
You barely miss the ogre.
The ogre is almost dead.
The ogre hits you with a +0 giant spiked club!!
Ouch! That really hurt!
You die...

##########..# #.#
............####.#
###.....#.....
###########...###..###..
............## ##......
.......#....# #...#..
#.###.#....### ###....
#.......#.## ##...
#......@#.# #..#
#.....O.#.# ##..#
#......##.. #.###...#
#...... #.. #........
#...... #.#. ##.####.#
#...... #.#. .. #..
####### #.... . ##..
+... ##..


You could see an ogre.

Vanquished Creatures
  Grinder (D:3)
  A phantom (D:4)
  A gnoll (D:3)
  3 adders
  3 worms
  2 dart slugs
  An orc (D:3)
  7 ball pythons
  9 endoplasms
  11 giant cockroaches
  3 goblins
  9 hobgoblins
  3 jackals (D:4)
  A quokka (D:1)
  8 bats
  3 frilled lizards
  10 kobolds
  5 rats
81 creatures vanquished.

Notes
Turn   | Place    | Note
-------+----------+-------------------------------------------
     0 | D:1      | bande the Gargoyle Fighter began the quest for the Orb.
     0 | D:1      | Reached XP level 1. HP: 14/14 MP: 1/1
   165 | D:1      | Reached XP level 2. HP: 18/19 MP: 2/2
   189 | D:1      | Reached skill level 2 in Axes
   605 | D:1      | Reached XP level 3. HP: 24/24 MP: 3/3
  1311 | D:2      | Reached XP level 4. HP: 29/29 MP: 4/4
  1522 | D:2      | Reached skill level 3 in Axes
  1824 | D:2      | Found a blossoming altar of Fedhas.
  2131 | D:3      | Found The Oracle's Delphic Readings.
  2290 | D:3      | Noticed Grinder
  2301 | D:3      | Paralysed by Grinder for 3 turns
  2323 | D:3      | Killed Grinder
  2324 | D:3      | Reached skill level 4 in Axes
  2324 | D:3      | Reached XP level 5. HP: 3/34 MP: 5/5
  2324 | D:3      | Reached XP level 6. HP: 4/39 MP: 6/6
  3240 | D:4      | Reached skill level 5 in Axes
  3311 | D:4      | Mangled by an ogre

Illustrated notes

Levels and vault maps discovered:
D:1:      evilmike_arrival_fibonacci_small, layout_loops_corners,
          minmay_worlds_worst_comb
D:2:      layout_loops_corners, basic_altar, minmay_small_reverse_x
D:3:      layout_basic, nicolae_nh_oracle_at_delphi, uniq_grinder
D:4:      cheibrodos_barr_body, layout_basic, nemelex_dance_club_becter

Skill      XL: |  1  2  3  4  5  6 |
---------------+-------------------+-----
Axes           | 2 4 5 |  5.0
Fighting       | 4 |  4.6
Armour         | 4 |  4.2
Shields        | 4 |  4.0

Action                     |  1- 3 |  4- 6 || total
---------------------------+-------+-------++-------
  Melee: War axe           |   129 |   146 ||   275
    Use: Potion            |       |     3 ||     3
 Armour: Scale mail        |    86 |    78 ||   164
  Dodge: Dodged            |    58 |    66 ||   124
  Block: Buckler           |    30 |    20 ||    50

Table legend: (Time is in decaauts)
 A = Elapsed time spent in this place.
 B = Non-inter-level travel time spent in this place.
 C = Inter-level travel time spent in this place.
 D = Time resting spent in this place.
 E = Time spent auto-exploring this place.
 F = Levels seen in this place.
 G = Mean time per level.
                   A        B        C        D        E       F      G
               +--------+--------+--------+--------+--------+-----+--------+
         Total |   3415 |   3415 |      0 |    288 |   2384 |   4 |  853.8 |
       Dungeon |   3415 |   3415 |      0 |    288 |   2384 |   4 |  853.8 |
               +--------+--------+--------+--------+--------+-----+--------+

Top non-repeatable levels by time:
     D:3: 1142 daAuts
     D:1: 1030 daAuts
     D:2: 929 daAuts
     D:4: 312 daAuts
